 Dungeon Crawl Stone Soup version 0.23.1 (webtiles) character file.

Game seed: 0

62623 OdinFK the Eclecticist (level 14, -2/72 HPs)
             Began as a Deep Elf Fire Elementalist on Mar 19, 2019.
             Was a High Priest of Vehumet.
             Slain by a shambling mangrove (19 damage)
             ... on level 3 of the Swamp.
             The game lasted 02:01:38 (21331 turns).

OdinFK the Eclecticist (DEFE)                      Turns: 21331, Time: 02:01:39

Health: -2/72      AC: 13    Str:  5    XL:     14   Next: 65%
Magic:  19/38      EV: 13    Int: 26    God:    Vehumet [*****.]
Gold:   1198       SH:  0    Dex: 15    Spells: 14/49 levels left

rFire    + . .     SeeInvis .   E - +2 short sword (holy)
rCold    + . .     Gourm    .   (no shield)
rNeg     . . .     Faith    .   a - +2 robe {rF+}
rPois    .         Spirit   .   N - +2 helmet
rElec    .         Reflect  .   D - +2 cloak
rCorr    +         Harm     .   z - +1 pair of gloves
MR       +....                  I - +0 pair of boots
Stlth    ++........             v - amulet of the acrobat
HPRegen  0.22/turn              K - ring of resist corrosion
MPRegen  0.26/turn              T - ring of protection from cold

@: about to teleport, grasped by roots, constricted
A: no striking features
a: Renounce Religion


You were on level 3 of the Swamp.
You worshipped Vehumet.
Vehumet was extremely pleased with you.
You were not hungry.

You visited 4 branches of the dungeon, and saw 22 of its levels.
You also visited: Ossuary, Gauntlet, Ice Cave and Volcano.

You collected 1413 gold pieces.
You spent 215 gold pieces at shops.

Inventory:

Hand Weapons
 E - a +2 short sword of holy wrath (weapon)
Armour
 a - a +2 robe of fire resistance (worn)
 z - a +1 pair of gloves (worn)
 D - a +2 cloak (worn)
 I - a +0 pair of boots (worn)
 L - a +2 robe of positive energy
 N - a +2 helmet (worn)
Jewellery
 v - an amulet of the acrobat (around neck)
 K - a ring of resist corrosion (left hand)
 R - an uncursed ring of flight
 T - a ring of protection from cold (right hand)
 Z - an uncursed amulet of guardian spirit {unknown}
Wands
 b - a wand of digging (9)
 A - a wand of iceblast (17)
 H - a wand of acid (13)
 M - a wand of scattershot (5)
 O - a wand of flame (44)
 P - a wand of clouds (4)
 V - a wand of paralysis (6)
Scrolls
 f - 3 scrolls of vulnerability
 g - 6 scrolls of remove curse
 h - 7 scrolls of teleportation
 k - 5 scrolls of amnesia
 n - 4 scrolls of immolation
 o - 10 scrolls of enchant weapon
 p - 2 scrolls of fog {unknown}
 s - 2 scrolls of magic mapping
 t - 2 scrolls of fear
 u - 3 scrolls of enchant armour
 y - 3 scrolls of blinking {unknown}
 C - 2 scrolls of silence {unknown}
 G - 2 scrolls of holy word {unknown}
 J - 2 scrolls of torment {unknown}
 X - a scroll of brand weapon {unknown}
 Y - a scroll of acquirement {unknown}
Potions
 d - 6 potions of resistance
 e - 7 potions of curing
 i - 7 potions of agility
 j - 5 potions of haste
 m - a potion of heal wounds
 r - 2 potions of brilliance
 w - 2 potions of mutation
 x - 3 potions of ambrosia
 B - 6 potions of flight
 F - 3 potions of lignification
 S - a potion of invisibility
 U - a potion of experience {unknown}
Miscellaneous
 Q - a box of beasts
Comestibles
 c - 43 rations
 l - 5 chunks of flesh


   Skills:
 + Level 2.5 Fighting
 + Level 6.5 Dodging
 - Level 2.5 Stealth
 + Level 18.2 Spellcasting
 + Level 14.6 Conjurations
 + Level 4.9 Charms
 + Level 0.3 Translocations
 + Level 15.0 Fire Magic
 + Level 5.2 Earth Magic
 + Level 2.8 Evocations


You had 14 spell levels left.
You knew the following spells:

 Your Spells              Type           Power        Failure   Level  Hunger
a - Flame Tongue          Conj/Fire      #####        0%          1    None
b - Throw Flame           Conj/Fire      ######       0%          2    None
c - Conjure Flame         Conj/Fire      #######.     0%          3    None
d - Sticky Flame          Conj/Fire      #######.     1%          4    None
e - Fireball              Conj/Fire      #######...   1%          5    None
f - Magic Dart            Conj           ####         0%          1    None
g - Iskenderun's Battles  Conj/Chrm      ######..     1%          5    None
h - Bolt of Magma         Conj/Fire/Erth ######....   1%          5    None
i - Blink                 Tloc           N/A          2%          2    None
j - Spellforged Servitor  Conj/Summ      ######....   21%         7    #####..

Your spell library contained the following spells:

 Spells                   Type           Power        Failure   Level  Hunger
 Conjure Ball Lightning   Conj/Air       ######....   4%          6    ###....
 Corona                   Hex            ###....      1%          1    None
 Summon Butterflies       Summ           ###.....     1%          1    None
 Passwall                 Tmut/Erth      #####...     1%          2    None
 Shroud of Golubria       Chrm/Tloc      #####.....   1%          2    None
 Dazzling Spray           Conj/Hex       ######       1%          3    None
 Inner Flame              Hex/Fire       ######..     1%          3    None
 Ensorcelled Hibernation  Hex/Ice        ###...       3%          2    None
 Gell's Gravitas          Tloc           ####......   5%          3    None
 Lesser Beckoning         Tloc           ####......   5%          3    None
 Teleport Other           Tloc           ####....     5%          3    None
 Call Canine Familiar     Summ           ###.....     6%          3    None
 Confuse                  Hex            ###.....     6%          3    None
 Tukima's Dance           Hex            ###.....     6%          3    None
 Passage of Golubria      Tloc           N/A          17%         4    None
 Summon Ice Beast         Ice/Summ       ###.....     21%         4    None
 Alistair's Intoxication  Tmut/Pois      ###.....     50%         5    None
 Blade Hands              Tmut           ###.......   50%         5    None
 Summon Mana Viper        Hex/Summ       ###.....     50%         5    None
 Simulacrum               Ice/Necr       ###.......   97%         6    ###....
 Summon Hydra             Summ           ###.......   100%        7    #####..


Dungeon Overview and Level Annotations

Branches:
Dungeon (13/15)            Temple (1/1) D:4            Lair (5/6) D:8
  Swamp (3/4) Lair:2       Spider (0/4) Lair:2          Orc (0/2) D:11
  Slime: Lair:5-6    Vaults: D:13-14

Altars:
Ashenzari
Cheibriados
Dithmenos
Elyvilon
Fedhas
Gozag
Hepliaklqana
Kikubaaqudgha
Makhleb
Nemelex Xobeh
Okawaru
Qazlal
Ru
Sif Muna
Trog
Uskayaw
Vehumet
Wu Jian
Xom
Yredelemnul
Zin
The Shining One

Shops:
D:4 [((}!   D:7 (   D:9 *

Annotations:
D:7 Joseph
D:13 Jorgrun; Sonja
Lair:4 2 transporters, Hurhuezxa's ghost, journeyman MiFi
Swamp:1 exclusion: Roxanne, Roxanne
Swamp:2 Aizul


Message History

The spriggan druid resists with almost no effort.
The tyrant leech resists with some effort.
The tyrant leech looks frightened!
The vampire mosquito bites you but does no damage.
The vampire mosquito barely misses you.
You feel much better.
The vampire mosquito closely misses you.
The vampire mosquito bites you!
* * * LOW HITPOINT WARNING * * *
The vampire mosquito draws strength from your injuries!
Okay, then.
Roots burst forth from the earth!
The grasping roots grab you!
* * * LOW HITPOINT WARNING * * *
The grasping roots constrict you.
Okay, then.
As you read the scroll of teleportation, it crumbles to dust.
You feel strangely unstable.
The vampire mosquito closely misses you. x2
You die...

§..$... y≈≈..≈.
....≈≈≈ ..≈≈≈≈≈
♣♣ ♣♣...≈≈≈≈
♣♣.♣♣♣<≈w≈....
♣♣.≈≈♣fi≈≈≈≈.)♣
♣.≈≈≈y.≈≈≈≈.≈♣♣
♣♣≈.@w>.≈≈..≈♣
♣♣♣♣♣♣≈.≈≈..♣
♣♣♣♣♣..≈. ...
≈≈


You could see a shambling mangrove, 2 tyrant leeches, a spriggan druid and a
vampire mosquito.

Vanquished Creatures
  Gastronok (Lair:3)
  2 very ugly things (IceCv)
  Azrael (D:12)
  A red draconian (Volcano)
  5 hydras
  Harold (D:7)
  Erica (D:8)
  An ogre mage (Volcano)
  6 two-headed ogres
  8 alligators
  Urug (Lair:3)
  The ghost of brittlin the Martial Artist, a novice OpTm of Elyvilon (D:9)
  4 death yaks (Lair:5)
  A spriggan druid (Swamp:1)
  2 swamp dragons (Swamp:2)
  Pikel (D:7)
  A cyclops (D:11)
  An ugly thing (D:12)
  4 oklob plants
  4 elephants (Lair:5)
  Maurice (D:9)
  2 molten gargoyles (Volcano)
  3 black mambas
  5 ice statues (IceCv)
  13 spiny frogs
  A gargoyle (D:9)
  A kobold demonologist (D:9)
  2 rime drakes (Lair:5)
  3 komodo dragons
  2 anaconda simulacra (IceCv)
  3 trolls
  A polar bear (Lair:3)
  A queen bee (Lair:3)
  2 hornets
  5 tyrant leeches
  5 blink frogs (Lair:1)
  3 hippogriffs
  A spriggan (Swamp:3)
  Eustachio (D:5)
  A wraith (D:11)
  16 yaks
  2 shadows
  A dire elephant simulacrum (IceCv)
  A wyvern (Lair:4)
  A basilisk (Lair:4)
  2 fire bats (Volcano)
  A vampire (D:10)
  3 fire elementals (D:12)
  10 vampire mosquitoes
  3 hungry ghosts
  6 swamp worms
  3 harpy simulacra (IceCv)
  8 insubstantial wisps
  2 iron troll simulacra (IceCv)
  A floating eye (Lair:2)
  9 water moccasins
  10 porcupines
  3 hell hounds
  3 swamp drakes
  3 sky beasts
  5 orc warriors
  8 ice beasts
  2 black bears
  3 slaves (D:7)
  An ettin simulacrum (IceCv)
  A phantom (D:8)
  An eye of draining (D:9)
  6 ogres
  A centaur (D:8)
  11 crocodiles
  An elf zombie (Ossuary)
  12 big kobolds
  10 bullfrogs
  4 scorpions
  31 killer bees
  5 wights (D:10)
  3 electric eels (Lair:3)
  4 howler monkeys
  6 lava snakes (Volcano)
  3 centaur zombies
  5 crimson imps
  A human zombie (Ossuary)
  A gnoll shaman (D:6)
  7 hounds
  7 jellies
  2 centaur skeletons
  10 orc priests
  9 orc wizards
  Crazy Yiuf (D:5)
  2 bullfrog skeletons
  7 iguanas
  Ijyb (D:5)
  12 worker ants
  A big kobold zombie (Ossuary)
  2 mummies (Ossuary)
  10 gnolls
  21 adders
  A shadow imp (D:10)
  An ooze (D:2)
  An adder skeleton (D:7)
  3 worms (Lair:2)
  A dart slug (D:2)
  5 leopard geckos
  38 orcs
  2 ball pythons
  9 giant cockroaches
  13 goblins
  6 hobgoblins
  4 jackals (D:2)
  15 kobolds
  2 quokkas
  8 bats
  8 frilled lizards
  2 gnoll zombies (D:4)
  3 goblin zombies (Ossuary)
  6 hobgoblin zombies (Ossuary)
  A jackal skeleton (D:4)
  12 kobold zombies (Ossuary)
  7 orc zombies (Ossuary)
  12 rats
  3 rat zombies (Ossuary)
  A bush (Lair:2)
  A fungus (Lair:3)
  4 plants
577 creatures vanquished.

Vanquished Creatures (others)
  3 fungi (D:8)
  2 plants
5 creatures vanquished.

Grand Total: 582 creatures vanquished

Notes
Turn   | Place    | Note
-------+----------+-------------------------------------------
     0 | D:1      | OdinFK the Deep Elf Fire Elementalist began the quest for
                  | the Orb.
     0 | D:1      | Reached XP level 1. HP: 10/10 MP: 6/6
   161 | D:1      | Reached XP level 2. HP: 14/15 MP: 2/8
   165 | D:1      | Learned a level 2 spell: Throw Flame
   506 | D:1      | Reached XP level 3. HP: 19/19 MP: 5/10
   880 | D:2      | Reached skill level 4 in Spellcasting
   911 | D:2      | Learned a level 3 spell: Conjure Flame
  1089 | D:2      | Reached XP level 4. HP: 19/24 MP: 4/12
  1095 | D:2      | Learned a level 4 spell: Sticky Flame
  1676 | D:2      | Found a shadowy altar of Dithmenos.
  1889 | D:3      | Found a glowing silver altar of Zin.
  2005 | D:3      | Reached XP level 5. HP: 28/28 MP: 2/13
  3040 | D:4      | Found Kuqiog's Antique Weapon Boutique.
  3062 | D:4      | Found Jero's Antique Armour Emporium.
  3088 | D:4      | Reached skill level 5 in Spellcasting
  3088 | D:4      | Reached skill level 5 in Fire Magic
  3088 | D:4      | Reached XP level 6. HP: 33/33 MP: 3/15
  3089 | D:4      | Bought a pair of glowing gloves for 165 gold pieces
  3195 | D:4      | Found a basalt altar of Yredelemnul.
  3213 | D:4      | Found Xupuakhau's Gadget Emporium.
  3303 | D:4      | Found a burning altar of Makhleb.
  3318 | D:4      | Found Jineizuk's Weapon Boutique.
  3323 | D:4      | Found a staircase to the Ecumenical Temple.
  3330 | Temple   | Entered the Ecumenical Temple
  3339 | Temple   | Became a worshipper of Vehumet
  3639 | D:3      | Learned a level 5 spell: Fireball
  3667 | D:4      | Found Hafischei's Distillery.
  3675 | D:4      | Bought a potion of heal wounds for 50 gold pieces
  3707 | D:4      | Found a shimmering altar of Xom.
  3711 | D:4      | Found a blossoming altar of Fedhas.
  3806 | D:4      | Found a deep blue altar of Sif Muna.
  3863 | D:5      | Entered Level 5 of the Dungeon
  3896 | D:5      | Noticed Eustachio
  4014 | D:5      | Noticed a sky beast
  4035 | D:5      | Killed a sky beast
  4035 | D:5      | Reached XP level 7. HP: 37/37 MP: 5/17
  4070 | D:5      | Reached skill level 6 in Spellcasting
  4070 | D:5      | Reached skill level 5 in Conjurations
  4196 | D:5      | Found a runed translucent door.
  4197 | D:5      | Noticed Crazy Yiuf
  4213 | D:5      | Killed Crazy Yiuf
  4314 | D:5      | Killed Eustachio
  4364 | D:5      | Noticed Ijyb
  4376 | D:5      | Killed Ijyb
  4681 | D:6      | Reached skill level 1 in Evocations
  4684 | D:6      | Reached skill level 7 in Spellcasting
  4684 | D:6      | Reached XP level 8. HP: 42/42 MP: 8/20
  4746 | D:6      | Reached * piety under Vehumet
  4746 | D:6      | Offered knowledge of Magic Dart by Vehumet.
  4749 | D:6      | Learned a level 1 spell: Magic Dart
  4998 | D:6      | Found a sand-covered staircase.
  5008 | Ossuary  | Entered an ossuary
  5246 | Ossuary  | Reached ** piety under Vehumet
  5317 | Ossuary  | Offered knowledge of Sandblast by Vehumet.
  5553 | D:6      | Reached skill level 8 in Spellcasting
  5626 | D:6      | Found a bloodstained altar of Trog.
  5892 | D:6      | Reached skill level 1 in Fighting
  6042 | D:7      | Reached XP level 9. HP: 47/47 MP: 14/23
  6127 | D:7      | Noticed Pikel
  6167 | D:6      | Reached skill level 9 in Spellcasting
  6233 | D:7      | Killed Pikel
  6256 | D:7      | Found Ytoak's Antique Weapon Shoppe.
  6316 | D:7      | Noticed Harold
  6490 | D:7      | Killed Harold
  6490 | D:7      | Reached skill level 10 in Spellcasting
  6712 | D:7      | Found a sacrificial altar of Ru.
  6835 | D:7      | Offered knowledge of Throw Frost by Vehumet.
  6941 | D:7      | Noticed Joseph
  7026 | D:8      | Found a shimmering altar of Xom.
  7072 | D:8      | Noticed Erica
  7086 | D:8      | Reached XP level 10. HP: 52/52 MP: 21/26
  7098 | D:8      | Found a bloodstained altar of Trog.
  7496 | D:8      | Reached skill level 10 in Fire Magic
  7522 | D:8      | Reached *** piety under Vehumet
  7561 | D:8      | Found an iron altar of Okawaru.
  7574 | D:8      | Killed Erica
  7574 | D:8      | Reached skill level 11 in Spellcasting
  7747 | D:8      | Found a radiant altar of Vehumet.
  7810 | D:8      | Noticed an ice dragon
  7869 | D:8      | Found a staircase to the Lair.
  8159 | D:8      | Noticed an entropy weaver
  8159 | D:8      | Noticed a shining eye
  8201 | D:9      | Noticed a two-headed ogre
  8213 | D:9      | Killed a two-headed ogre
  8213 | D:9      | Offered knowledge of Force Lance by Vehumet.
  8255 | D:9      | Noticed a gargoyle
  8338 | D:9      | Found an opulent altar of Gozag.
  8411 | D:9      | Found Gamanir's Elemental Accessories.
  8441 | D:9      | Found a stormy altar of Qazlal.
  8512 | D:9      | Noticed Maurice
  8515 | D:9      | Killed Maurice
  8515 | D:9      | Reached skill level 12 in Spellcasting
  8643 | D:9      | Found an ornate altar of the Wu Jian Council.
  8757 | D:9      | Noticed a two-headed ogre
  8763 | D:9      | Killed a two-headed ogre
  8763 | D:9      | Reached XP level 11. HP: 57/57 MP: 11/29
  8771 | D:9      | Found a runed translucent gate.
  8771 | D:9      | Found a runed translucent gate.
  8771 | D:9      | Found a runed translucent gate.
  8772 | D:9      | Noticed brittlin's ghost (novice OpTm)
  8772 | D:9      | Identified the cursed +1 dagger "Arcanum" {venom, *Slow rF+
                  | MR++ Int-3}
  8980 | D:10     | Entered Level 10 of the Dungeon
  9026 | D:10     | Reached skill level 10 in Conjurations
  9164 | D:10     | Reached **** piety under Vehumet
  9251 | D:10     | Offered knowledge of Iskenderun's Battlesphere by Vehumet.
  9258 | D:10     | Learned a level 5 spell: Iskenderun's Battlesphere
  9273 | D:10     | Reached skill level 5 in Dodging
  9707 | Lair:1   | Entered Level 1 of the Lair of Beasts
  9911 | Lair:1   | Reached skill level 13 in Spellcasting
  9914 | Lair:1   | Reached skill level 1 in Charms
 10134 | Lair:1   | Noticed an oklob plant
 10253 | Lair:1   | Killed an oklob plant
 10768 | Lair:2   | Noticed an oklob plant
 10770 | Lair:2   | Killed an oklob plant
 10846 | Lair:2   | Noticed an oklob plant
 10850 | Lair:2   | Killed an oklob plant
 10876 | Lair:2   | Reached skill level 14 in Spellcasting
 11016 | Lair:2   | Reached ***** piety under Vehumet
 11016 | Lair:2   | Offered knowledge of Bolt of Magma by Vehumet.
 11027 | Lair:2   | Learned a level 5 spell: Bolt of Magma
 11042 | Lair:2   | Found a staircase to the Swamp.
 11154 | Lair:2   | Noticed an oklob plant
 11157 | Lair:2   | Killed an oklob plant
 11157 | Lair:2   | Reached XP level 12. HP: 62/62 MP: 20/32
 11215 | Lair:2   | Found a hole to the Spider Nest.
 11519 | Lair:3   | Noticed an eight-headed hydra
 11522 | Lair:3   | Killed an eight-headed hydra
 11684 | Lair:3   | Noticed Gastronok
 12160 | Lair:3   | Noticed Urug
 12501 | Lair:4   | Reached skill level 15 in Spellcasting
 12503 | Lair:4   | Offered knowledge of Irradiate by Vehumet.
 12720 | Lair:4   | Noticed a five-headed hydra
 12724 | Lair:4   | Killed a five-headed hydra
 12769 | Lair:4   | Noticed a death yak
 12771 | Lair:4   | Noticed Hurhuezxa's ghost (journeyman MiFi)
 12772 | Lair:4   | Found a transporter.
 12775 | Lair:4   | Noticed an eight-headed hydra
 12777 | Lair:4   | Found a transporter.
 12834 | Lair:4   | Learned a level 2 spell: Blink
 13331 | Lair:5   | Found a gate leading to a gauntlet.
 13355 | Lair:5   | Noticed a death yak
 13425 | Gauntlet | Entered a Gauntlet
 13425 | Gauntlet | Found a transporter.
 13425 | Gauntlet | Found a transporter.
 13427 | Gauntlet | Found a transporter.
 13448 | Gauntlet | Found a transporter.
 13457 | Gauntlet | Noticed a catoblepas
 13459 | Gauntlet | Found a transporter.
 13461 | Gauntlet | Found a transporter.
 13470 | Gauntlet | Noticed a cacodemon
 13471 | Gauntlet | Found a transporter.
 13490 | Gauntlet | Found a transporter.
 13507 | Gauntlet | Found a transporter.
 13507 | Gauntlet | Found a transporter.
 13515 | Gauntlet | Found a transporter.
 13518 | Gauntlet | Found a transporter.
 13704 | Lair:5   | Found a dark tunnel.
 13714 | Volcano  | Entered a volcano
 14035 | Volcano  | Found a burning altar of Makhleb.
 14035 | Volcano  | Noticed a two-headed ogre
 14035 | Volcano  | Noticed an ogre mage
 14035 | Volcano  | Noticed a two-headed ogre
 14035 | Volcano  | Noticed a two-headed ogre
 14038 | Volcano  | Killed a two-headed ogre
 14038 | Volcano  | Killed a two-headed ogre
 14038 | Volcano  | Reached skill level 1 in Earth Magic
 14062 | Volcano  | Killed a two-headed ogre
 14062 | Volcano  | Reached XP level 13. HP: 23/67 MP: 25/34
 14074 | Volcano  | HP: 1/67 [something (9)]
 14495 | Volcano  | Reached skill level 16 in Spellcasting
 14503 | Volcano  | Noticed a red draconian
 14589 | Volcano  | Killed a red draconian
 15496 | Lair:3   | Killed Gastronok
 15517 | Lair:3   | Killed Urug
 15862 | D:9      | Killed brittlin's ghost
 16464 | D:11     | Found a staircase to the Orcish Mines.
 16763 | D:12     | Noticed Azrael
 16771 | D:12     | Killed Azrael
 16771 | D:12     | Reached skill level 17 in Spellcasting
 16987 | D:12     | Offered knowledge of Spellforged Servitor by Vehumet.
 16996 | D:12     | Learned a level 7 spell: Spellforged Servitor
 17833 | D:13     | Noticed Sonja
 17891 | D:13     | Noticed Jorgrun
 18082 | Swamp:1  | Entered Level 1 of the Swamp
 18082 | Swamp:1  | Identified Roxanne's Disquisition on the Mountains
 18082 | Swamp:1  | Noticed Roxanne
 18090 | Swamp:1  | Found a frozen archway.
 18153 | IceCv    | Entered an ice cave
 18154 | IceCv    | Reached XP level 14. HP: 72/72 MP: 22/37
 18310 | IceCv    | Noticed a white very ugly thing
 18333 | IceCv    | Killed a white very ugly thing
 18769 | IceCv    | Noticed a white very ugly thing
 18786 | IceCv    | Killed a white very ugly thing
 18981 | IceCv    | Identified the Reference Book on Mutagenic Snow
 19886 | Swamp:2  | Offered knowledge of Conjure Ball Lightning by Vehumet.
 20047 | Swamp:2  | Reached skill level 5 in Earth Magic
 20266 | Swamp:2  | Noticed Aizul
 20713 | Swamp:2  | Found the +8 demon trident "Rift" {distort, reach+}
 20836 | Swamp:2  | Reached skill level 18 in Spellcasting
 21319 | Swamp:3  | Reached skill level 15 in Fire Magic
 21331 | Swamp:3  | Slain by a shambling mangrove

Skill      XL: |  1  2  3  4  5  6  7  8  9 10 11 12 13 14 |
---------------+-------------------------------------------+-----
Fire Magic     | 4 5 6 7 9 11 12 13 14 15 | 15.0
Spellcasting   | 4 5 7 8 10 12 14 15 17 18 | 18.2
Conjurations   | 2 3 4 6 7 8 9 11 12 13 14 | 14.6
Dodging        | 3 4 5 6 |  6.5
Evocations     | 1 2 |  2.8
Fighting       | 1 2 |  2.5
Charms         | 1 2 3 4 |  4.9
Earth Magic    | 1 4 5 |  5.2
Stealth        | |  2.5
Translocations | |  0.3

Action                   |  1- 3 |  4- 6 |  7- 9 | 10-12 | 13-15 || total
-------------------------+-------+-------+-------+-------+-------++-------
Melee: Unarmed           |     2 |       |       |       |       ||     2
       Dagger            |    68 |    20 |    14 |       |       ||   102
       Short sword       |       |       |    44 |    15 |     5 ||    64
 Cast: Flame Tongue      |    40 |    48 |   123 |   245 |    74 ||   530
       Throw Flame       |    21 |    63 |    20 |    55 |    19 ||   178
       Sticky Flame      |       |     7 |    25 |    66 |    24 ||   122
       Fireball          |       |     1 |    16 |    62 |    68 ||   147
       Conjure Flame     |       |       |     1 |     3 |     2 ||     6
       Iskenderun's Batt |       |       |       |    29 |    37 ||    66
       Bolt of Magma     |       |       |       |    17 |   133 ||   150
       Magic Dart        |       |       |       |     1 |    17 ||    18
       Blink             |       |       |       |       |     1 ||     1
Evoke: Wand              |       |       |     9 |     1 |     6 ||    16
  Use: Potion            |       |     1 |       |     2 |     4 ||     7
       Scroll            |       |       |     4 |    11 |    14 ||    29
 Stab: Sleeping          |       |       |       |     1 |       ||     1
       Paralysed         |       |       |       |       |     2 ||     2
  Eat: Chunk             |     1 |    11 |    10 |    28 |    13 ||    63
       Ration            |       |       |     1 |       |     3 ||     4
Armor: Robe              |    24 |    10 |    22 |    22 |    45 ||   123
Dodge: Dodged            |    57 |    42 |    83 |    73 |   123 ||   378
